 Dungeon Crawl Stone Soup version 0.30-a0-476-g330ca2eb8e (webtiles) character file.

Game seed: 601585224670074778

38 bmack86 the Trooper (level 3, 0/34 HPs)
             Began as a Minotaur Fighter on Dec 21, 2022.
             Slain by Sigmund
             ... wielding a +0 scythe
              (4 damage)
             ... on level 2 of the Dungeon.
             The game lasted 00:04:06 (1196 turns).

bmack86 the Trooper (Minotaur Fighter)              Turns: 1196, Time: 00:04:07

Health: 0/34       AC:  7    Str: 22    XL:     3   Next: 25%
Magic:  2/2        EV:  9    Int:  5    God:
Gold:   37         SH:  5    Dex:  9    Spells: 2/2 levels left

rFire   . . .      SeeInvis .    a - +0 war axe (venom)
rCold   . . .      Faith    .    c - +1 buckler
rNeg    . . .      Spirit   .    b - +0 scale mail
rPois   .          Reflect  .    (helmet restricted)
rElec   .          Harm     .    (no cloak)
rCorr   .          Rampage  .    (no gloves)
Will    .....                    (no boots)
Stlth   ..........               (no amulet)
HPRegen 0.25/turn                (no ring)
MPRegen 0.08/turn                (no ring)

@: no status effects
A: horns 2, retaliatory headbutt
a: no special abilities


You were on level 2 of the Dungeon.
You visited 1 branch of the dungeon, and saw 2 of its levels.

You collected 37 gold pieces.

Inventory:

Hand Weapons
 a - a +0 war axe of venom (weapon)
Missiles
 k - 2 boomerangs (quivered)
Armour
 b - a +0 scale mail (worn)
 c - a +1 buckler (worn)
Scrolls
 f - a scroll of identify
 l - a scroll of teleportation
Potions
 d - a potion of might
 e - a potion of mutation {unknown}
 g - 3 potions of curing {unknown}
 i - 4 potions of attraction {unknown}
 m - a potion of degeneration {unknown}


   Skills:
 + Level 4.4 Fighting
 + Level 2.9 Axes
 + Level 4.0 Armour
 + Level 4.0 Shields


You had 2 spell levels left.
You didn't know any spells.
Your spell library contained the following spells:

 Spells                   Type           Power      Damage    Failure   Level
 Apportation              Tloc           0%         N/A       87%         1
 Alistair's Intoxication  Tmut/Pois      0%         N/A       100%        5


Dungeon Overview and Level Annotations

Branches:
Dungeon (2/15)

Altars:

Annotations:
D:2 Sigmund


Innate Abilities, Weirdness & Mutations

You have a pair of horns on your head.
You reflexively headbutt those who attack you in melee.


Message History

You closely miss the frilled lizard.
Your headbutt misses the frilled lizard.
You block the frilled lizard's attack. x2
You closely miss the frilled lizard. You headbutt the frilled lizard.
You kill the frilled lizard!
You see here a frilled lizard corpse.
A kobold comes into view. It is wielding a +2 dagger of speed.
The kobold hits you with a +2 dagger of speed.
You hit the kobold.
The kobold is poisoned.
The kobold is heavily wounded.
The kobold barely misses you. You furiously retaliate!
You headbutt the kobold.
You kill the kobold!
Things that are here:
a +2 dagger of speed; a kobold corpse
Things that are here:
a +2 dagger of speed; a kobold corpse
Things that are here:
a +2 dagger of speed; a kobold corpse Sigmund the Dreaded comes into view.
He is wielding a +0 scythe.
Sigmund shouts!
An endoplasm comes into view.
You throw a boomerang. The endoplasm quivers.
The boomerang hits Sigmund.
Sigmund is lightly wounded.
You throw a boomerang. The boomerang barely misses Sigmund.
Sigmund laughs darkly.
Sigmund casts a spell.
Sigmund flickers and vanishes!
Deactivating autopickup; reactivate with Ctrl-A.
Something hits you but does no damage.
You miss something. Your headbutt misses something. Something hits you.
You barely miss something. Something hits you.
You barely miss something. Something hits you!
You slash something! Something hits you.
You hit something but do no damage. Something hits you!
* * * LOW HITPOINT WARNING * * *
You closely miss something. Your headbutt misses something.
You barely miss something. Something hits you.
You die...

.........#
#.......
.######..#
#.###### #..##
##.## ##
#...####>..####.
#........#......
####...###...#####
#...........##
#.##...######
#@###.## #{# #.#
#J# #.# #.# .# #.#
.# ... ### #.#


You could see an endoplasm.

Vanquished Creatures
  An adder (D:2)
  A giant cockroach (D:2)
  3 goblins
  3 hobgoblins (D:2)
  3 jackals (D:2)
  2 kobolds
  2 quokkas (D:2)
  3 ball pythons
  A bat (D:2)
  2 frilled lizards (D:2)
  6 rats
27 creatures vanquished.

Notes
Turn   | Place    | Note
-------+----------+-------------------------------------------
     0 | D:1      | bmack86 the Minotaur Fighter began the quest for the Orb.
     0 | D:1      | Reached XP level 1. HP: 19/19 MP: 0/0
     3 | D:1      | Noticed an electric eel
     4 | D:1      | Noticed an electric eel
   717 | D:2      | Reached XP level 2. HP: 22/27 MP: 1/1
   857 | D:2      | Reached XP level 3. HP: 33/34 MP: 2/2
  1184 | D:2      | Noticed Sigmund
  1196 | D:2      | Slain by Sigmund

Illustrated notes

Levels and vault maps discovered:
D:1:      arrival_aquarium_b, layout_loops_ring
D:2:      layout_loops_ring, minmay_pentomino_v2, uniq_sigmund

Skill      XL: |  1  2  3 |
---------------+----------+-----
Fighting       | 4 |  4.4
Armour         | 4 |  4.0
Shields        | 4 |  4.0
Axes           | |  2.9

Action                   || total
-------------------------++-------
Melee: War axe           ||    45
       Headbutt          ||    10
Throw: Boomerang         ||     5
  Use: Scroll            ||     5
Armor: Scale mail        ||    18
Dodge: Dodged            ||    20
Block: Buckler           ||    16

Table legend: (Time is in decaauts)
 A = Elapsed time spent in this place.
 B = Non-inter-level travel time spent in this place.
 C = Inter-level travel time spent in this place.
 D = Time resting spent in this place.
 E = Time spent auto-exploring this place.
 F = Levels seen in this place.
 G = Mean time per level.
                   A        B        C        D        E       F      G
               +--------+--------+--------+--------+--------+-----+--------+
         Total |   1215 |   1194 |     21 |      0 |    957 |   2 |  607.5 |
       Dungeon |   1215 |   1194 |     21 |      0 |    957 |   2 |  607.5 |
               +--------+--------+--------+--------+--------+-----+--------+

Top non-repeatable levels by time:
     D:1: 708 daAuts
     D:2: 506 daAuts
